 Dungeon Crawl Stone Soup version 0.24.1 (webtiles) character file.

Game seed: 6853126654926672139, levelgen mode: deterministic

15 Destapler the Magician (level 2, 0/20 HPs)
             Began as a Gnoll Wanderer on Mar 28, 2020.
             Slain by a jackal (2 damage)
             ... on level 1 of the Dungeon.
             The game lasted 00:01:09 (333 turns).

Destapler the Magician (Gnoll Wanderer)              Turns: 333, Time: 00:01:09

Health: 0/20       AC:  6    Str: 17    XL:     2   Next: 50%
Magic:  10/10      EV: 14    Int: 11    God:
Gold:   8          SH:  0    Dex: 14    Spells: 14/15 levels left

rFire    . . .     SeeInvis .   a - +0 dagger
rCold    . . .     Gourm    .   (no shield)
rNeg     . . .     Faith    .   d - +3 leather armour
rPois    .         Spirit   .   (no helmet)
rElec    .         Reflect  .   (no cloak)
rCorr    .         Harm     .   (no gloves)
MR       .....                  (no boots)
Stlth    ++........             (no amulet)
HPRegen  0.06/turn              (no ring)
MPRegen  0.12/turn              (no ring)

@: no status effects
A: distributed training, fangs 1, strong nose
a: no special abilities


You were on level 1 of the Dungeon.
You were not hungry.

You visited 1 branch of the dungeon, and saw 1 of its levels.

You collected 8 gold pieces.

Inventory:

Hand Weapons
 a - a +0 dagger (weapon)
Armour
 d - a +3 leather armour (worn)
Wands
 c - a wand of random effects (15)
Comestibles
 b - a chunk of flesh
 f - a ration


   Skills:
 + Level 0.4 Fighting
 + Level 0.4 Short Blades
 + Level 0.4 Long Blades
 + Level 0.4 Axes
 + Level 0.4 Maces & Flails
 + Level 0.4 Polearms
 + Level 0.4 Staves
 + Level 0.4 Slings
 + Level 0.4 Bows
 + Level 0.4 Crossbows
 + Level 0.4 Throwing
 + Level 0.4 Armour
 + Level 4.5 Dodging
 + Level 4.1 Stealth
 + Level 0.4 Shields
 + Level 0.4 Unarmed Combat
 + Level 7.1 Spellcasting
 + Level 0.2 Conjurations
 + Level 0.2 Hexes
 + Level 0.2 Charms
 + Level 0.2 Summonings
 + Level 0.2 Necromancy
 + Level 0.2 Translocations
 + Level 0.2 Transmutations
 + Level 0.2 Fire Magic
 + Level 0.2 Ice Magic
 + Level 0.2 Air Magic
 + Level 3.7 Earth Magic
 + Level 0.2 Poison Magic
 + Level 0.5 Invocations
 + Level 2.5 Evocations


You had 14 spell levels left.
You knew the following spells:

 Your Spells              Type           Power        Failure   Level  Hunger
a - Sting                 Conj/Pois      #...         19%         1    None

Your spell library contained the following spells:

 Spells                   Type           Power        Failure   Level  Hunger
 Dazzling Spray           Conj/Hex       #.....       50%         3    ###....


Dungeon Overview and Level Annotations

Branches:
Dungeon (1/15)

Altars:


Innate Abilities, Weirdness & Mutations

Your experience applies equally to all skills.
You have very sharp teeth.
Your uncanny sense of smell can sniff out nearby items.


Message History

The jackal bites you.
* * * LOW HITPOINT WARNING * * *
The jackal bites you but does no damage.
The frilled lizard completely misses you.
The jackal bites you.
* * * LOW HITPOINT WARNING * * *
The goblin misses you.
You hit the jackal.
You kill the jackal!
The jackal closely misses you.
The frilled lizard completely misses you.
The jackal misses you. The goblin barely misses you.
You hit the goblin.
The goblin is severely wounded.
The jackal barely misses you.
The frilled lizard completely misses you.
You completely miss the goblin.
The goblin is severely wounded.
The jackal bites you.
You die...

########. ###..
.)...)... ..#.
#. #########
#... ..#.. ..8
8... .. ..#
##.###h## .#
#.l)#gg.#...
#.8@hb8...8.
#...g...#..
#######
####.####
......# #.#
#####.# #.# #.#
#.# #.# #)# #.#
#.#
#.###########.#


You could see 2 jackals, a hobgoblin, 2 goblins, a bat and a frilled lizard.

Vanquished Creatures
  A gnoll (D:1)
  2 hobgoblins (D:1)
  A jackal (D:1)
  A goblin (D:1)
  A rat (D:1)
6 creatures vanquished.

Notes
Turn   | Place    | Note
-------+----------+-------------------------------------------
     0 | D:1      | Destapler the Gnoll Wanderer began the quest for the Orb.
     0 | D:1      | Destapler set off with the following items: a +0 club, a
                  | wand of random effects (15), a +2 leather armour, a +0
                  | dagger, a ration; and the following spell memorised: Sting;
                  | and the following spells available to memorise: Dazzling
                  | Spray
     0 | D:1      | Reached XP level 1. HP: 13/13 MP: 8/8
   122 | D:1      | Reached XP level 2. HP: 9/20 MP: 10/10
   333 | D:1      | Slain by a jackal

Levels and vault maps discovered:
D:1:      dpeg_arrival_rooms_with_view, layout_basic,
          minmay_misc_feat_four_crosses

Action                   || total
-------------------------++-------
Melee: Dagger            ||    42
       Bite              ||     8
  Use: Scroll            ||     1
       Potion            ||     1
Armor: Leather armour    ||    25
Dodge: Dodged            ||    65
